 Dungeon Crawl Stone Soup version 0.26.1-11-gd32895ea62 (webtiles) character file.

Game seed: 2997173407872996372

17577 nightchill the Agent of Entropy (level 12, 0/98 HPs)
             Began as a Demonspawn Abyssal Knight on Apr 21, 2021.
             Was a Priest of Lugonu.
             Killed from afar by a rime drake (9 damage)
             ... with a flash freeze
             ... on level 4 of the Lair of Beasts.
             The game lasted 00:33:27 (19544 turns).

nightchill the Agent of Entropy (DsAK)             Turns: 19544, Time: 00:33:28

Health: 0/98       AC: 13    Str: 18    XL:     12   Next: 20%
Magic:  20/21      EV:  7    Int: 20    God:    Lugonu [***...]
Gold:   676        SH:  5    Dex: 12    Spells: 11/11 levels left

rFire    . . .     SeeInvis .   a - +0 war axe
rCold    . . .     Faith    .   (no shield)
rNeg     . . .     Spirit   .   i - +0 chain mail
rPois    .         Reflect  +   C - +0 helmet
rElec    .         Harm     .   m - +1 cloak
rCorr    .         Rampage  .   q - +0 pair of gloves
Will     .....                  (boots unavailable)
Stlth    ..........             O - amulet of reflection
HPRegen  0.26/turn              N - +6 ring of intelligence
MPRegen  0.17/turn              P - ring of stealth

@: very slightly contaminated, slowed, invisible, very slow
A: hooves 3, spiny 2, sharp scales 1
a: Renounce Religion, Depart the Abyss, Bend Space, Banish


You were on level 4 of the Lair of Beasts.
You worshipped Lugonu.
Lugonu was most pleased with you.
You visited 2 branches of the dungeon, and saw 12 of its levels.
You visited the Abyss 1 time.

You collected 676 gold pieces.

Inventory:

Hand Weapons
 a - a +0 war axe (weapon)
 b - a +0 short sword of venom
 t - a +1 hand axe
 S - a +4 flail of protection
Missiles
 s - 10 boomerangs
 u - 4 curare-tipped darts
 y - a throwing net
 A - 12 javelins
Armour
 i - a +0 chain mail (worn)
 m - a +1 cloak (worn)
 q - a +0 pair of gloves (worn)
 C - a +0 helmet (worn)
Magical Staves
 K - an uncursed staff of air {unknown}
Jewellery
 N - a +6 ring of intelligence (left hand)
 O - an amulet of reflection (around neck)
 P - a ring of stealth (right hand)
 R - a +6 ring of intelligence
 V - an uncursed ring of fire
Wands
 g - a wand of disintegration (5)
 F - a wand of enslavement (11)
 L - a wand of paralysis (4)
 U - a wand of random effects (16)
Scrolls
 e - 2 scrolls of random uselessness {unknown}
 f - a scroll of identify
 h - 5 scrolls of enchant weapon {unknown}
 j - 3 scrolls of enchant armour
 l - 9 scrolls of teleportation
 n - 3 scrolls of remove curse
 p - 2 scrolls of amnesia {unknown}
 r - 2 scrolls of fog {unknown}
 v - 2 scrolls of noise {unknown}
 w - 2 scrolls of magic mapping
 H - a scroll of blinking {unknown}
 I - a scroll of holy word
 M - a scroll of silence
Potions
 c - 7 potions of curing
 d - a potion of haste
 k - a potion of cancellation
 o - 4 potions of mutation
 B - 2 potions of ambrosia
 D - a potion of degeneration {unknown}
 E - a potion of resistance
 G - 2 potions of attraction
 Q - a potion of magic
Miscellaneous
 T - a lightning rod (4/4)


   Skills:
 + Level 10.5 Fighting
 * Level 12.9 Axes
 - Level 1.7 Armour
 - Level 0.8 Dodging
 + Level 13.0 Invocations


You had 11 spell levels left.
You didn't know any spells.
Your spell library contained the following spells:

 Spells                   Type           Power        Failure   Level
 Beastly Appendage        Tmut           0%           95%         1
 Shock                    Conj/Air       0%           95%         1
 Swiftness                Air            0%           99%         2
 Wereblood                Tmut           0%           99%         2
 Spider Form              Tmut/Pois      0%           100%        3
 Static Discharge         Conj/Air       0%           100%        3
 Airstrike                Air            0%           100%        4
 Ice Form                 Ice/Tmut       0%           100%        4
 Blade Hands              Tmut           0%           100%        5
 Lightning Bolt           Conj/Air       0%           100%        5


Dungeon Overview and Level Annotations

Branches:
Dungeon (8/15)             Temple (0/1) D:6            Lair (4/6) D:8
  Swamp: Lair:2-4    Shoals: Lair:2-4     Snake: Lair:2-4    Spider: Lair:2-4

Altars:
Dithmenos
Elyvilon
Fedhas
Hepliaklqana
Makhleb
Ru
Zin

Shops:
D:4 *=   D:8 (

Annotations:
D:1 exclusion: downstairs
D:2 exclusion: downstairs
D:3 exclusion: 2 downstairs
D:5 exclusion: 2 downstairs
D:6 exclusion: 2 downstairs
D:7 1 runed translucent door, exclusion: 2 downstairs, Crazy Yiuf
D:8 exclusion: oklob plant
Lair:1 exclusion: 2 downstairs
Abyss:1 Maurice


Innate Abilities, Weirdness & Mutations

You have hooves in place of feet.
You are mostly covered in sharp spines.
You are partially covered in razor-sharp scales. (AC +1, Slay +1)


Message History

Your komodo dragon is no longer moving slowly.
The cane toad stings something!!
A wyvern comes into view.
The hell rat closely misses your basilisk.
Your yak gores the rime drake!
Your yak gores the torpor snail but does no damage.
The rime drake is struck by your spines.
The rime drake barely misses you.
Your yak gores something!
Your basilisk gazes at the death yak.
The death yak resists with almost no effort.
Your yak misses the rime drake.
The hell rat barely misses your basilisk.
Found a spear.
The death yak is no longer encased in ice.
The wyvern bites your basilisk!!
The hell rat barely misses your basilisk.
The wyvern barely misses your basilisk.
Your yak gores the torpor snail!
The rime drake breathes ice at you. The flash freeze hits you!
You die...

#............#..#.#........P..#
#.........rlr#...##....#.....#
#...........l#..## ###P.....P#
#..........[YYk## ####....###
#...........PwD# ##...#.#
#............##F## ###..#.
P........Y..#Y.Y.## ##...
#..........###.lk.## ###.
...... #...@..# #. ....##
##.......# ## ..# #P........#
#..........P# # #............#
# #........<....# #
#....)......... #
..............# #. #.


You could see a death yak, a six-headed hydra, a torpor snail, a cane toad, 2
rime drakes, a wyvern, 2 hell rats, a friendly komodo dragon (summoned), 3
friendly yaks and a friendly basilisk (summoned, slow).

Vanquished Creatures
  2 hydras
  A black mamba (Lair:2)
  3 komodo dragons
  A rime drake (Lair:3)
  6 cane toads
  4 blink frogs (Lair:3)
  Sigmund (D:2)
  6 wyverns
  13 yaks
  2 basilisks
  3 fire bats (Lair:1)
  Edmund (D:4)
  18 water moccasins
  2 orc warriors
  2 ice beasts (D:8)
  A sky beast (D:5)
  2 black bears
  3 ogres
  3 wolves (Lair:3)
  A centaur (D:5)
  A big kobold (D:7)
  4 bullfrogs
  A gnoll sergeant (D:6)
  2 scorpions
  3 killer bees (D:7)
  A wight (D:8)
  A howler monkey (D:5)
  A bullfrog zombie (D:8)
  8 hounds
  4 bullfrog skeletons
  5 jellies
  A centaur skeleton (D:7)
  A gnoll shaman (D:4)
  3 orc priests
  Ijyb (D:3)
  Natasha (D:2)
  6 orc wizards
  4 iguanas
  7 worker ants
  A killer bee zombie (D:8)
  A hound skeleton (D:3)
  A howler monkey zombie (D:8)
  Robin (D:4)
  15 gnolls
  9 adders
  6 shadow imps
  A white imp (D:7)
  3 ufetubi
  4 oozes
  An adder zombie (D:7)
  An adder skeleton (D:6)
  4 worms
  2 dart slugs
  3 leopard geckos
  29 orcs
  3 giant cockroaches
  7 goblins (D:3)
  9 hobgoblins
  11 jackals
  5 quokkas
  A ball python (D:5)
  5 bats
  A frilled lizard (D:3)
  A jackal skeleton (D:7)
  8 kobolds
  2 quokka zombies
  3 rats (D:2)
268 creatures vanquished.

Vanquished Creatures (collateral kills)
  A wolf (Lair:4)
1 creature vanquished.

Vanquished Creatures (others)
  9 fungi
  24 plants
33 creatures vanquished.

Grand Total: 302 creatures vanquished

Notes
Turn   | Place    | Note
-------+----------+-------------------------------------------
     0 | Abyss:1  | nightchill the Demonspawn Abyssal Knight began the quest
                  | for the Orb.
     0 | Abyss:1  | Reached XP level 1. HP: 18/18 MP: 2/2
    60 | Abyss:1  | Noticed a ynoxinul
    63 | D:1      | Escaped the Abyss
   473 | D:1      | Reached * piety under Lugonu
   474 | D:1      | Gained mutation: You are partially covered in razor-sharp
                  | scales. (AC +1, Slay +1) [demonic ancestry]
   474 | D:1      | Reached XP level 2. HP: 24/24 MP: 4/4
  1002 | D:2      | Reached skill level 3 in Invocations
  1293 | D:2      | Reached XP level 3. HP: 29/29 MP: 5/5
  1741 | D:2      | Noticed Sigmund
  1751 | D:2      | Killed Sigmund
  1752 | D:2      | Reached skill level 4 in Invocations
  1752 | D:2      | Reached XP level 4. HP: 28/37 MP: 5/7
  1752 | D:2      | Reached XP level 5. HP: 32/42 MP: 5/8
  2017 | D:2      | Found a faded altar of an unknown god.
  2102 | D:2      | Noticed Natasha
  2113 | D:2      | Killed Natasha
  2357 | D:3      | Noticed Ijyb
  2667 | D:3      | Killed Ijyb
  2668 | D:3      | Gained mutation: You have large cloven feet. [demonic
                  | ancestry]
  2668 | D:3      | Reached XP level 6. HP: 8/48 MP: 9/9
  3370 | D:3      | Reached ** piety under Lugonu
  3543 | D:3      | Found a sacrificial altar of Ru.
  4005 | D:3      | Reached skill level 5 in Invocations
  4257 | D:4      | Noticed Robin
  5305 | D:4      | Reached skill level 5 in Axes
  5365 | D:4      | Killed Robin
  5366 | D:4      | Gained mutation: You have hoof-like feet. [demonic
                  | ancestry]
  5366 | D:4      | Reached XP level 7. HP: 34/55 MP: 9/11
  5514 | D:4      | Found Ynie's General Store.
  5547 | D:4      | Noticed Edmund
  5609 | D:4      | Killed Edmund
  5898 | D:4      | Identified the +2 leather armour of Contentment {+Inv
                  | Int+2}
  5911 | D:4      | Reached skill level 5 in Fighting
  6221 | D:4      | Reached skill level 6 in Invocations
  6271 | D:4      | Found Ilamaox's Jewellery Shop.
  6395 | D:4      | Found a shadowy altar of Dithmenos.
  6396 | D:4      | Found a blossoming altar of Fedhas.
  6398 | D:4      | Found a burning altar of Makhleb.
  6400 | D:4      | Found a hazy altar of Hepliaklqana.
  6453 | D:5      | Entered Level 5 of the Dungeon
  7058 | D:5      | Reached XP level 8. HP: 58/63 MP: 12/12
  8113 | D:6      | Reached *** piety under Lugonu
  8114 | D:6      | Found a white marble altar of Elyvilon.
  8214 | D:5      | Reached skill level 7 in Invocations
  9718 | D:6      | Reached skill level 8 in Invocations
  9981 | D:6      | Found a staircase to the Ecumenical Temple.
 10199 | D:7      | Noticed a troll
 10239 | D:6      | Banished a troll
 10240 | D:6      | Gained mutation: You are partially covered in sharp spines.
                  | [demonic ancestry]
 10240 | D:6      | Reached XP level 9. HP: 45/71 MP: 10/15
 11279 | D:7      | Found a runed translucent door.
 11280 | D:7      | Noticed Crazy Yiuf
 11304 | D:8      | Noticed a two-headed ogre
 11306 | D:8      | Reached skill level 9 in Invocations
 11306 | D:8      | Noticed Maurice
 11367 | D:8      | Found Vaunayl's Antique Weapon Shoppe.
 11996 | D:8      | Banished Maurice
 11997 | D:8      | Gained mutation: You have hooves in place of feet. [demonic
                  | ancestry]
 11997 | D:8      | Reached XP level 10. HP: 80/80 MP: 12/17
 12414 | D:7      | Reached skill level 10 in Invocations
 12575 | D:7      | Reached skill level 10 in Axes
 12746 | D:8      | Found a staircase to the Lair.
 13373 | D:8      | Banished a two-headed ogre
 13666 | D:8      | Found a glowing silver altar of Zin.
 13666 | D:8      | Noticed an oklob plant
 14153 | Lair:1   | Entered Level 1 of the Lair of Beasts
 14159 | Lair:1   | Reached skill level 11 in Invocations
 14206 | Lair:1   | Noticed a cane toad
 14209 | Lair:1   | Banished a cane toad
 14210 | Lair:1   | Reached XP level 11. HP: 89/89 MP: 14/19
 14414 | Lair:1   | Found a dark tunnel.
 15469 | Lair:1   | Noticed a four-headed hydra
 15481 | Lair:1   | Killed a four-headed hydra
 15881 | Lair:2   | Noticed a four-headed hydra
 16108 | Lair:1   | Reached skill level 12 in Invocations
 16846 | Lair:2   | Reached skill level 10 in Fighting
 18050 | Lair:2   | Killed a four-headed hydra
 18625 | Lair:3   | Gained mutation: You are mostly covered in sharp spines.
                  | [demonic ancestry]
 18625 | Lair:3   | Reached XP level 12. HP: 83/98 MP: 21/21
 19145 | Lair:3   | Reached skill level 13 in Invocations
 19519 | Lair:4   | Noticed a death yak
 19530 | Lair:4   | Noticed a six-headed hydra
 19544 | Lair:4   | Killed from afar by a rime drake

Illustrated notes

Levels and vault maps discovered:
D:1:      mrwooster_arrival_statue_3, layout_basic
D:2:      layout_loops_ring, chequers_ecumenical_altar_lobes, serial_glass,
          glass_columns_c, glass_columns_b, uniq_natasha, uniq_sigmund
D:3:      layout_basic, nicolae_ru_path_of_blood, chequers_garden, uniq_ijyb
D:4:      black_bear_nest_1, layout_cave_pools, minitemple, serial_shops,
          kennysheep_mini_moat, shop, minmay_misc_feat_pillars, uniq_edmund,
          uniq_robin
D:5:      layout_gridville, minivault_1, kennysheep_crisscross
D:6:      layout_rooms, overflow_temple_1_default, minmay_temple_entry_mist
D:7:      layout_rooms, uniq_crazy_yiuf_cottage
D:8:      minmay_razor_zed, layout_cave_pools, minmay_lair_entry_grove,
          serial_shops, shop, lemuel_oklob_altar, uniq_maurice
Lair:1:   layout_cave_pods, nicolae_volcano_entry_batcave, beast_lair_carwin_1
Lair:2:   layout_regular_city, grunt_megastairs_4, serial_bayou_shore_b,
          serial_bayou_shore_a
Lair:3:   layout_cave_shapes, lemuel_old_faithful, grunt_megastairs_3
Lair:4:   layout_cave_pods, minmay_shoals_entry_beasts,
          nicolae_spider_entry_tight_spaces, hellmonk_ghost_happy_afterlife,
          special_room [special_room_mythical_zoo], lemuel_fruit_fields,
          infiniplex_staircase_pool

Skill      XL: |  1  2  3  4  5  6  7  8  9 10 11 12 |
---------------+-------------------------------------+-----
Axes           | 2 3 4 5 6 8 9 11 12 | 12.9
Invocations    | 3 4 5 6 8 9 11 12 13 | 13.0
Fighting       | 4 5 6 7 9 10 | 10.5
Armour         | |  1.7
Dodging        | |  0.8

Action                   |  1- 3 |  4- 6 |  7- 9 | 10-12 || total
-------------------------+-------+-------+-------+-------++-------
Melee: Short sword       |    88 |   210 |   455 |       ||   753
       Hand axe          |     7 |       |       |       ||     7
       War axe           |       |       |       |   308 ||   308
       Kick              |       |       |       |    85 ||    85
       Flail             |       |       |       |    11 ||    11
Invok: Depart the Abyss  |     1 |       |       |       ||     1
       Bend Space        |       |     1 |     4 |     7 ||    12
       Banish            |       |       |     9 |     9 ||    18
Evoke: Wand              |       |       |     1 |       ||     1
  Use: Potion            |     1 |     2 |     1 |     2 ||     6
       Scroll            |       |     4 |    10 |     4 ||    18
Armor: Chain mail        |    56 |   162 |   350 |   211 ||   779
       Leather armour    |     1 |       |       |       ||     1
       Skin              |       |       |    90 |       ||    90
Dodge: Dodged            |    42 |    66 |   168 |    96 ||   372
Block: Other             |       |       |       |    35 ||    35
